Map: Tours du crépuscule

Players

zidar

  • Race: Zerg Zerg
  • League: Gold
  • Spawn Location: 1:00

ıŠıAD - Winner!

  • Race: Protoss Protoss
  • League: Gold
  • Spawn Location: 7:00

VOD

Have the link to the VOD?

Description

Time

  • Played on: June 15, 2016, 3:18 p.m.
  • Length: 6:22
Show
View Real Time Build Order
Export as new Build Order

zidar Zerg 

Build Orders: Pool First 

Get SALT Encoding   

  12  0:02  Drone  
  13  0:12  Overlord  
  13  0:17  Drone  
  14  0:30  Drone x2  
  16  0:47  Spawning Pool, Drone  
  16  1:17  Hatchery  
  16  1:18  Drone  
  16  1:22  Extractor  
  16  1:25  Drone  
  16  1:35  Queen, Drone  
  19  1:44  Drone  
  19  1:46  Drone  
  21  2:25  Queen, Hatchery  
  21  2:30  Metabolic Boost  
  21  2:37  Zergling x2  
  21  2:38  Zergling x2  
  21  2:40  Zergling x2  
  21  2:43  Zergling x2  
  25  2:55  Drone x3  
  28  2:59  Extractor  
  27  3:15  Drone  
  28  3:20  Overlord x2  
  28  3:32  Pneumatized Carapace  
  28  3:39  Lair  
  28  3:43  Drone x2  
  28  3:45  Drone  
  31  3:55  Drone x2  
  33  3:57  Drone  
  33  4:01  Drone  
  35  4:03  Drone  
  35  4:07  Drone  
  37  4:28  Queen  
  39  4:33  Drone x3  
  39  4:37  Overlord x3  
  42  4:49  Hydralisk Den  
  41  5:27  Evolution Chamber  
  40  5:29  Drone  
  40  5:30  Evolution Chamber, Drone x2  
  42  5:38  Hydralisk x10  
Show
View Real Time Build Order
Export as new Build Order

ıŠıAD Protoss - Winner!

Build Orders: 1 Gate Expand, Blink Stalkers 

Get SALT Encoding   

  12  0:01  Probe (Chrono Boost)  
  13  0:12  Probe (Chrono Boost)  
  14  0:19  Pylon  
  14  0:23  Probe (Chrono Boost)  
  15  0:37  Probe (Chrono Boost)  
  15  0:41  Gateway  
  16  0:48  Probe (Chrono Boost), Assimilator  
  17  0:58  Probe (Chrono Boost)  
  18  1:09  Probe (Chrono Boost)  
  19  1:23  Nexus  
  19  1:27  Probe (Chrono Boost)  
  20  1:39  Cybernetics Core  
  20  1:44  Probe (Chrono Boost)  
  20  1:46  Assimilator  
  21  1:54  Probe (Chrono Boost)  
  22  2:05  Probe (Chrono Boost)  
  23  2:16  Warp Gate (Chrono Boost)  
  23  2:20  Pylon  
  23  2:25  Gateway  
  23  2:33  Probe  
  23  2:34  Probe, Stalker  
  27  2:47  Mothership Core  
  27  2:49  Probe  
  27  2:50  Pylon  
  30  3:00  Probe  
  30  3:05  Twilight Council  
  31  3:09  Probe  
  31  3:10  Probe  
  33  3:21  Probe x2  
  33  3:24  Gateway  
  35  3:35  Probe x2  
  35  3:37  Blink (Chrono Boost)  
  35  3:38  Gateway  
  37  3:49  Probe  
  37  3:51  Probe  
  39  3:56  Gateway  
  39  4:07  Probe x2  
  41  4:10  Stalker  
  41  4:12  Stalker  
  45  4:19  Probe  
  45  4:22  Probe  
  47  4:31  Probe (Chrono Boost)  
  47  4:32  Stalker x2  
  47  4:33  Pylon  
  47  4:35  Probe (Chrono Boost)  
  53  4:50  Pylon  
  53  4:52  Pylon  
  53  4:53  Pylon  
  53  4:56  Stalker x2  
  53  4:57  Stalker  
  59  5:00  Stalker  
  59  5:05  Stalker  
  62  5:17  Robotics Facility  
  62  5:20  Stalker x2  
  66  5:23  Stalker  
  66  5:27  Assimilator  
  68  5:31  Assimilator, Zealot  
  68  5:33  Zealot  
  72  5:46  Stalker x2  
  72  5:49  Pylon  
  76  5:51  Pylon  
  76  5:53  Pylon  
Tags
 
Add a new tag
Caveats
  • Supply blocks, unpowered buildings, or Contaminate may cause inaccurate times.
  • Supply counts are checked every 10 seconds.